 Dungeon Crawl Stone Soup version 0.19.0-2-gae57169 (webtiles) character file.

131845 Firecrotchwizard the Warrior (level 16, -12/159 HPs)
             Began as a Minotaur Fighter on Nov 2, 2016.
             Was the Champion of Okawaru.
             Mangled by a large slime creature (16 damage)
             ... on level 3 of the Swamp on Nov 3, 2016.
             The game lasted 01:47:37 (28398 turns).

Firecrotchwizard the Warrior (Minotaur Fighter)    Turns: 28398, Time: 01:47:38

Health: -12/159    AC: 33    Str: 27 (28) XL:     16   Next: 56%
Magic:  15/16      EV: 14    Int:  7      God:    Okawaru [******]
Gold:   1551       SH: 25    Dex: 23      Spells: 0 memorised, 15 levels left

rFire  + . .     SeeInvis +     S - +12 mace of Terra Cotta {venom, rPois Str-5 Dex+8}
rCold  . . .     Gourm    .     b - +2 plate armour
rNeg   . . .     Faith    .     c - +2 shield
rPois  +         Spirit   .     X - +1 hat {SInv}
rElec  .         Reflect  +     u - +2 cloak
rCorr  .         Harm     .     B - +2 pair of gloves {Str+3}
MR     +....     Rnd*Tele +     Y - +0 pair of boots "Piwn" {+Blink rPois rF+}
Stlth  ..........               D - +5 amulet of reflection
                                W - +3 ring of strength
                                I - +4 ring of strength

@: heroism, very slightly contaminated, hasted, drained, very quick
A: retaliatory headbutt, horns 2, thin metallic scales 1, clever 1,
deterioration 1, teleportitis 1, wild magic 1, sturdy frame 1
a: Heroism, Finesse, Renounce Religion, Evoke Blink


You were on level 3 of the Swamp.
You worshipped Okawaru.
Okawaru was exalted by your worship.
You were not hungry.

You visited 5 branches of the dungeon, and saw 26 of its levels.
You also visited: Ice Cave.

You collected 2871 gold pieces.
You spent 1320 gold pieces at shops.

Inventory:

Hand Weapons
 a - a +1 demon whip of venom
 R - the cursed +1 shortbow "Facual" {flame, rElec rF++, unknown}
   (You found it on level 1 of the Orcish Mines)

   It causes projectiles fired from it to burn those they strike, causing extra
   injury to most foes and up to half again as much damage against particularly
   susceptible opponents.
   It greatly protects you from fire.
   It insulates you from electricity.
   It has a curse placed upon it.
 S - the +12 mace of Terra Cotta (weapon) {venom, rPois Str-5 Dex+8}
   (You found it on level 9 of the Dungeon)

   It poisons the flesh of those it strikes.
   It affects your strength (-5).
   It affects your dexterity (+8).
   It protects you from poison.
Missiles
 d - 6 javelins of penetration (quivered)
Armour
 b - a +2 plate armour (worn)
 c - a +2 shield (worn)
 u - a +2 cloak (worn)
 z - +0 swamp dragon scales
 B - a +2 pair of gloves of strength (worn)
 X - a +1 hat of see invisible (worn)
 Y - the +0 pair of boots "Piwn" (worn) {+Blink rPois rF+}
   (You bought it in a shop on level 2 of the Orcish Mines)

   It protects you from fire.
   It protects you from poison.
   It lets you blink.
Jewellery
 j - an uncursed ring of poison resistance
 k - an uncursed ring of ice
 q - an uncursed ring of protection from cold
 x - a +6 ring of dexterity
 D - a +5 amulet of reflection (around neck)
 F - an uncursed ring of protection from magic
 I - a +4 ring of strength (left hand)
 K - the ring "Zyidahov" {*Contam MP+9 Dex+10}
   (You found it on level 5 of the Lair of Beasts)

   [ring of magical power]

   It affects your dexterity (+10).
   It affects your magic capacity (+9).
   It causes magical contamination when unequipped.
 T - an uncursed ring of protection from fire
 W - a +3 ring of strength (right hand)
Wands
 M - a wand of flame (31/48)
 U - a wand of teleportation (2/9)
Scrolls
 e - 6 scrolls of fear
 o - 9 scrolls of remove curse
 t - 6 scrolls of recharging
 v - a scroll of acquirement {unknown}
 w - 8 scrolls of teleportation
 y - 5 scrolls of identify
 H - a scroll of blinking
 L - 2 scrolls of torment {unknown}
 N - 2 scrolls of magic mapping
 V - 3 scrolls of summoning
 Z - a scroll of enchant weapon
Potions
 h - 4 potions of agility
 i - 2 potions of berserk rage
 l - 2 potions of cure mutation {unknown}
 n - 3 potions of brilliance {unknown}
 p - 2 potions of flight {unknown}
 r - 2 potions of might
 s - 9 potions of curing
 A - 3 potions of resistance
 C - 6 potions of heal wounds
 E - 2 potions of haste
 G - 4 potions of magic {unknown}
 J - a potion of ambrosia {unknown}
 O - a potion of beneficial mutation {unknown}
 Q - a potion of invisibility
Comestibles
 f - 13 bread rations
 g - 30 fruits
 m - 6 royal jellies
 P - 2 slices of pizza


   Skills:
 * Level 18.9(23.5) Fighting
 + Level 17.3(21.9) Maces & Flails
 + Level 2.8(7.5) Throwing
 + Level 14.3(18.9) Armour
 - Level 2.1(6.8) Dodging
 - Level 1.8(6.5) Stealth
 + Level 18.0(22.7) Shields
 + Level 2.1(1.8) Invocations


You had 15 spell levels left.
You didn't know any spells.

Dungeon Overview and Level Annotations

Branches:
Dungeon (15/15)            Temple (1/1) D:5            Lair (5/6) D:10
  Swamp (3/4) Lair:4        Snake (0/4) Lair:4          Orc (2/2) D:11
    Elf (0/3) Orc:2        Vaults (0/5) D:14         Depths (0/5) D:15
  Slime: Lair:5-6

Altars:
Ashenzari
Cheibriados
Dithmenos
Elyvilon
Fedhas
Gozag
Hepliaklqana
Kikubaaqudgha
Makhleb
Nemelex Xobeh
Okawaru
Qazlal
Ru
Sif Muna
Trog
Uskayaw
Vehumet
Xom
Yredelemnul
Zin
The Shining One
Jiyva

Shops:
D:13 ?   Orc:2 ([[[

Portals:
Trove: D:15 (give wand of hasting (9))


Innate Abilities, Weirdness & Mutations

You reflexively headbutt those who attack you in melee.
You have a pair of horns on your head.
You are partially covered in thin metallic scales. (AC +2)
Your mind is acute. (Int +2)
Your body sometimes deteriorates upon taking damage.
You are occasionally teleported next to monsters.
Your spells are a little harder to cast, but a little more powerful.
Your movements are slightly less encumbered by armour. (ER -2)


Message History

You furiously retaliate!
You headbutt the large slime creature.
The hornet is engulfed in spectral mist.
The hornet dies!
The spectral seven-headed hydra closely misses you.
You furiously retaliate!
You headbutt the spectral seven-headed hydra!
The spectral seven-headed hydra bites you but does no damage. x2
You block the spectral seven-headed hydra's attack.
The spectral seven-headed hydra bites you but does no damage.
The spectral seven-headed hydra misses you.
You block the spectral seven-headed hydra's attack.
The spectral tyrant leech bites you.
* * * LOW HITPOINT WARNING * * *
The tyrant leech is engulfed in spectral mist.
You block the tyrant leech's attack.
The spriggan rider hits you but does no damage.
You closely miss the spectral tyrant leech.
The spectral tyrant leech is almost destroyed.
The blink frog blinks!
The large slime creature hits you!
You die...

≈.≈≈≈≈≈≈≈≈≈
≈.≈≈≈≈≈.≈≈≈≈ .♣♣
≈≈ (≈≈≈. ≈.♣
≈≈≈≈.≈ ≈.♣♣
≈≈≈≈≈≈♣ ≈≈..♣
≈≈≈≈.≈§♣♣ ♣♣Z§♣.♣
≈§≈...♣w♣♣tZZ...♣
≈≈.....JwJZJ≈≈≈≈.
♣♣≈≈≈.iiw@ZD≈≈≈≈.
♣≈≈≈.§♣JyJ≈≈≈≈≈≈
♣.≈≈.♣D≈yi≈≈..≈.
♣.≈≈...yD≈≈♣.♣♣.
♣.≈≈...F≈.≈≈≈♣
♣≈.≈.%.≈≈.≈§≈.
♣≈≈....(≈≈≈≈≈♣
.≈≈≈§≈..≈♣≈≈.


You could see a seven-headed hydra, a four-headed hydra, a swamp dragon, a
tyrant leech, 2 enormous slime creatures, 2 large slime creatures, a slime
creature, a spriggan rider, a ghost crab, a spectral tyrant leech, a spectral
seven-headed hydra, a spectral six-headed hydra, a spectral spiny frog, a
spectral swamp drake, 2 swamp worms, a blink frog, 3 vampire mosquitoes and 2
spriggans.

Vanquished Creatures
  Rupert (Lair:5)
  A thorn hunter (Swamp:2)
  A fire giant (Orc:1)
  A frost giant (IceCv)
  3 ghouls (D:14)
  2 stone giants
  A dire elephant (Lair:5)
  Azrael (D:15)
  An ettin (Orc:2)
  Snorg (D:11)
  A quicksilver dragon zombie (D:15)
  6 ogre magi
  Fannar (Orc:1)
  8 hydras
  A catoblepas (Lair:5)
  2 dancing weapons (D:14)
  12 death yaks
  A centaur warrior (D:15)
  A tengu warrior (Swamp:2)
  An alligator (Swamp:2)
  A vampire mage (D:15)
  Urug (D:10)
  An orc high priest (Orc:2)
  5 spriggans
  Sonja (D:14)
  A fire crab (Lair:5)
  10 skeletal warriors
  A spriggan druid (Swamp:3)
  An unseen horror (D:12)
  The ghost of PhineasRhyne the Magician, a novice GrEE of Vehumet (D:7)
  2 swamp dragons
  18 hill giants
  An ugly thing (D:11)
  2 orc knights (Orc:2)
  A necromancer (D:15)
  An oklob plant (D:10)
  5 cyclopes
  2 deep elf magi
  8 elephants
  An ice statue (IceCv)
  6 black mambas
  Maurice (D:8)
  2 centaur skeletons (D:14)
  3 gargoyles
  5 komodo dragons
  12 spiny frogs
  A torpor snail (Lair:5)
  An elf zombie (D:15)
  An elf skeleton (D:15)
  2 kobold demonologists
  2 rime drakes
  2 guardian mummies
  21 polar bears
  A tengu conjurer (Swamp:2)
  8 trolls
  6 hornets
  23 two-headed ogres
  Prince Ribbit (D:7)
  3 tyrant leeches
  A wolf spider simulacrum (D:15)
  15 blink frogs
  A bog body (Swamp:3)
  6 hippogriffs
  10 dream sheep (Lair:5)
  An ettin zombie (D:15)
  2 wraiths
  2 wyverns
  4 fire elementals (D:15)
  A steam dragon (D:12)
  51 yaks
  Grum (D:10)
  A basilisk (D:15)
  2 hungry ghosts
  6 vampire mosquitoes
  Edmund (D:4)
  4 swamp worms
  11 water moccasins
  6 wargs (Orc:1)
  6 insubstantial wisps
  3 nagas (Lair:4)
  4 hell hounds (D:15)
  Duvessa (D:6)
  7 porcupines
  22 orc warriors
  2 black bears
  A swamp drake (Swamp:3)
  4 ice beasts
  2 sky beasts
  46 ogres
  A hornet zombie (D:11)
  32 wolves
  4 boggarts (D:15)
  10 centaurs
  2 phantoms
  9 crocodiles
  Blork the orc (D:5)
  4 big kobolds
  17 bullfrogs
  2 gnoll sergeants (D:11)
  Dowan (D:6)
  2 scorpions
  14 wights
  7 howler monkeys
  3 electric eels
  13 centaur zombies
  8 crimson imps
  2 bullfrog zombies (D:10)
  11 hounds
  7 jellies
  A gnoll shaman (Orc:2)
  2 quasits
  11 orc priests
  4 bullfrog skeletons
  25 orc wizards
  Jessica (D:3)
  6 iguanas
  Natasha (twice) (D:4)
  9 worker ants
  A killer bee zombie (D:10)
  A hound skeleton (D:11)
  2 worker ant zombies
  A howler monkey zombie (D:4)
  10 gnolls
  2 howler monkey skeletons
  9 adders
  4 shadow imps
  12 white imps (D:13)
  2 oozes
  3 adder skeletons
  A worm (D:6)
  2 dart slugs
  3 leopard geckos
  82 orcs
  8 bats
  5 giant cockroaches
  7 goblins
  15 hobgoblins
  20 jackals
  4 quokkas
  A ball python (D:1)
  2 frilled lizards (D:4)
  A jackal zombie (D:5)
  27 kobolds
  A quokka zombie (D:5)
  4 rats
  A plant (D:10)
878 creatures vanquished.

Vanquished Creatures (others)
  Nessos (D:15)
  A spriggan druid (Swamp:3)
  A cyclops (Orc:2)
  A tyrant leech (Swamp:3)
  A hornet (Swamp:3)
  3 blink frogs (Swamp:3)
  A spriggan (Swamp:3)
  5 centaurs
  A briar patch (Swamp:2)
  13 fungi
  11 plants
  6 toadstools (Lair:5)
45 creatures vanquished.

Grand Total: 923 creatures vanquished

Notes
Turn   | Place    | Note
-------+----------+-------------------------------------------
     0 | D:1      | Firecrotchwizard the Minotaur Fighter began the quest for the Orb.
     0 | D:1      | Reached XP level 1. HP: 19/19 MP: 0/0
   173 | D:1      | Reached XP level 2. HP: 27/27 MP: 1/1
   673 | D:1      | Reached XP level 3. HP: 27/33 MP: 2/2
  1289 | D:2      | Found a shadowy altar of Dithmenos.
  1324 | D:3      | Noticed Jessica
  1337 | D:3      | Reached XP level 4. HP: 32/40 MP: 3/3
  1347 | D:3      | Killed Jessica
  1626 | D:3      | Reached skill level 5 in Maces & Flails
  1626 | D:3      | Reached XP level 5. HP: 8/46 MP: 4/4
  1632 | D:3      | Reached skill level 1 in Dodging
  2257 | D:3      | Found a shimmering altar of Xom.
  2257 | D:3      | Found a burning altar of Makhleb.
  2280 | D:3      | Reached XP level 6. HP: 53/53 MP: 5/5
  2501 | D:4      | Noticed Edmund
  2545 | D:4      | Reached XP level 7. HP: 60/60 MP: 6/6
  2899 | D:4      | Reached skill level 5 in Fighting
  2967 | D:4      | Noticed Natasha
  2975 | D:4      | Killed Natasha
  3240 | D:4      | Killed Edmund
  3240 | D:4      | Reached skill level 5 in Armour
  3240 | D:4      | Reached skill level 5 in Shields
  3473 | D:4      | Noticed Natasha
  3478 | D:4      | Killed Natasha
  3658 | D:5      | Entered Level 5 of the Dungeon
  3702 | D:5      | Found a radiant altar of Vehumet.
  3811 | D:5      | Reached XP level 8. HP: 68/68 MP: 7/7
  3866 | D:5      | Noticed Blork the orc
  3876 | D:5      | Killed Blork the orc
  3899 | D:5      | Found a snail-covered altar of Cheibriados.
  3925 | D:5      | Found a staircase to the Ecumenical Temple.
  3931 | Temple   | Entered the Ecumenical Temple
  4047 | Temple   | Became a worshipper of Warmaster Okawaru
  4451 | D:6      | Found a stormy altar of Qazlal.
  4470 | D:6      | Found a sparkling altar of Nemelex Xobeh.
  4585 | D:6      | Noticed Dowan
  4587 | D:6      | Noticed Duvessa
  4600 | D:6      | Killed Duvessa
  4628 | D:6      | Killed Dowan
  4628 | D:6      | Reached skill level 1 in Throwing
  4720 | D:6      | Reached * piety under Okawaru
  4761 | D:6      | Found a shimmering altar of Xom.
  4800 | D:6      | Reached skill level 10 in Maces & Flails
  5017 | D:6      | Found a white marble altar of Elyvilon.
  5017 | D:6      | Found a glowing silver altar of Zin.
  5019 | D:6      | Found a glowing golden altar of the Shining One.
  5115 | D:6      | Found an iron altar of Okawaru.
  5194 | D:7      | Reached XP level 9. HP: 72/78 MP: 8/8
  5201 | D:7      | Noticed PhineasRhyne's ghost (novice GrEE)
  5244 | D:7      | Killed PhineasRhyne's ghost
  5244 | D:7      | Reached ** piety under Okawaru
  5616 | D:7      | Noticed Prince Ribbit
  5633 | D:7      | Killed Prince Ribbit
  6006 | D:7      | Found a hide-covered altar of Uskayaw.
  6037 | D:7      | Reached *** piety under Okawaru
  6458 | D:8      | Reached XP level 10. HP: 84/88 MP: 9/9
  6753 | D:8      | Noticed Maurice
  6766 | D:8      | Killed Maurice
  6952 | D:8      | Reached **** piety under Okawaru
  7918 | D:9      | Got a polished mace
  7919 | D:9      | Identified the +12 mace of Terra Cotta {venom, rPois Str-5 Dex+8} (You found it on level 9 of the Dungeon)
  8170 | D:9      | Found a hazy altar of Hepliaklqana.
  8525 | D:10     | Entered Level 10 of the Dungeon
  8571 | D:10     | Gained mutation: You are partially covered in thin metallic scales. (AC +2) [mutagenic meat]
  8572 | D:10     | Gained mutation: Your mind is acute. (Int +2) [mutagenic meat]
  8573 | D:10     | Gained mutation: Your spells are a little harder to cast, but a little more powerful. [mutagenic meat]
  8574 | D:10     | Gained mutation: You are occasionally teleported next to monsters. [mutagenic meat]
  8575 | D:10     | Gained mutation: Your movements are slightly less encumbered by armour. (ER -2) [mutagenic meat]
  8576 | D:10     | Gained mutation: Your body sometimes deteriorates upon taking damage. [mutagenic meat]
  8582 | D:10     | Noticed Urug
  8592 | D:10     | Killed Urug
  8592 | D:10     | Received a gift from Okawaru
  8608 | D:10     | Found a staircase to the Lair.
  8630 | D:10     | Noticed an oklob plant
  8810 | D:10     | Found a sacrificial altar of Ru.
  8846 | D:10     | Noticed a gargoyle
  8853 | D:10     | Killed a gargoyle
  8882 | D:10     | Reached XP level 11. HP: 99/99 MP: 10/10
  8913 | D:10     | Noticed Grum
  8917 | D:10     | Reached skill level 10 in Fighting
  8925 | D:10     | Killed Grum
  9222 | D:10     | Reached ***** piety under Okawaru
  9413 | D:10     | Killed an oklob plant
  9625 | Lair:1   | Entered Level 1 of the Lair of Beasts
  9630 | Lair:1   | Reached skill level 1 in Stealth
  9697 | Lair:1   | Received a gift from Okawaru
 10212 | Lair:1   | Reached skill level 10 in Shields
 10447 | Lair:1   | Noticed an eight-headed hydra
 10455 | Lair:1   | Killed an eight-headed hydra
 10693 | Lair:1   | Got a faintly glowing ring mail
 10694 | Lair:1   | Identified the +4 ring mail of Weddopag {rC+} (You found it on level 1 of the Lair of Beasts)
 11189 | Lair:2   | Received a gift from Okawaru
 11743 | Lair:2   | Reached XP level 12. HP: 112/112 MP: 11/11
 12174 | Lair:3   | Found a blossoming altar of Fedhas.
 12730 | Lair:3   | Reached ****** piety under Okawaru
 12893 | Lair:3   | Reached skill level 10 in Armour
 12998 | Lair:4   | Received a gift from Okawaru
 13085 | Lair:4   | Reached skill level 15 in Maces & Flails
 13104 | Lair:4   | Received a gift from Okawaru
 13361 | Lair:4   | Noticed a death yak
 13362 | Lair:4   | Noticed a death yak
 13362 | Lair:4   | Noticed a death yak
 13365 | Lair:4   | Noticed a death yak
 13377 | Lair:4   | Killed a death yak
 13388 | Lair:4   | Killed a death yak
 13397 | Lair:4   | Killed a death yak
 13410 | Lair:4   | Killed a death yak
 13681 | Lair:4   | Reached XP level 13. HP: 122/122 MP: 12/12
 13725 | Lair:4   | Found a staircase to the Swamp.
 14011 | Lair:4   | Found a staircase to the Snake Pit.
 14381 | Lair:5   | Got a coiled ivory ring
 14382 | Lair:5   | Identified the ring "Zyidahov" {*Contam MP+9 Dex+10} (You found it on level 5 of the Lair of Beasts)
 14737 | Lair:5   | Received a gift from Okawaru
 14913 | Lair:5   | Noticed Rupert
 15467 | Lair:5   | Killed Rupert
 15783 | Lair:5   | Received a gift from Okawaru
 15783 | Lair:5   | Reached skill level 1 in Invocations
 15811 | Lair:5   | Found a runed door.
 15860 | Lair:5   | Noticed a dire elephant
 16115 | Lair:5   | Killed a dire elephant
 17055 | Lair:5   | Reached skill level 15 in Fighting
 17061 | Lair:5   | Received a gift from Okawaru
 17061 | Lair:5   | Reached XP level 14. HP: 104/135 MP: 14/14
 17847 | D:11     | Noticed Snorg
 17864 | D:11     | Killed Snorg
 17954 | D:11     | Found a staircase to the Orcish Mines.
 18016 | D:11     | Found a deep blue altar of Sif Muna.
 18595 | Orc:1    | Entered Level 1 of the Orcish Mines
 19000 | Orc:1    | Received a gift from Okawaru
 19024 | Orc:1    | Identified a +0 pair of boots of running (Okawaru gifted it to you on level 1 of the Orcish Mines)
 19196 | Orc:1    | Noticed a stone giant
 19208 | Orc:1    | Killed a stone giant
 19579 | Orc:1    | Noticed Fannar
 19595 | Orc:1    | Killed Fannar
 20199 | Orc:1    | Noticed a fire giant
 20220 | Orc:1    | Killed a fire giant
 20590 | Orc:1    | Got an ichor-stained shortbow
 20608 | Orc:2    | Entered Level 2 of the Orcish Mines
 20645 | Orc:2    | Found a staircase to the Elven Halls.
 20816 | Orc:2    | Reached skill level 15 in Shields
 21472 | Orc:2    | Paralysed by an ogre mage for 2 turns
 21479 | Orc:2    | Reached XP level 15. HP: 146/146 MP: 15/15
 21501 | Orc:2    | Found Fangih's Antique Armour Emporium.
 21501 | Orc:2    | Found Cufij's Antique Armour Boutique.
 21502 | Orc:2    | Found Wiwyri's Armour Boutique.
 21502 | Orc:2    | Found Biats's Weapon Shoppe.
 21539 | Orc:2    | Bought a runed cloak for 409 gold pieces
 21600 | Orc:2    | Received a gift from Okawaru
 21839 | Orc:2    | Bought the +0 pair of boots "Piwn" {+Blink rPois rF+} for 415 gold pieces
 21839 | Orc:2    | Bought a +2 pair of gloves of strength for 301 gold pieces
 22288 | D:11     | Received a gift from Okawaru
 23098 | D:13     | Found an opulent altar of Gozag.
 23104 | D:13     | Found a frozen archway.
 23187 | IceCv    | Entered an ice cave
 23617 | IceCv    | Noticed a frost giant
 23633 | IceCv    | Killed a frost giant
 24032 | D:13     | Received a gift from Okawaru
 24088 | D:13     | Found Vihayd's Magic Scroll Boutique.
 24096 | D:13     | Bought a scroll of enchant armour for 127 gold pieces
 24096 | D:13     | Bought a scroll of identify for 34 gold pieces
 24096 | D:13     | Bought a scroll of identify for 34 gold pieces
 25056 | D:14     | Noticed Sonja
 25062 | D:14     | Killed Sonja
 25171 | D:14     | Found a gate to the Vaults.
 25431 | D:14     | Received a gift from Okawaru
 25546 | D:15     | Entered Level 15 of the Dungeon
 25589 | D:15     | Reached XP level 16. HP: 147/157 MP: 16/16
 25889 | D:15     | Found a staircase to the Depths.
 26195 | D:15     | Noticed Nessos
 26203 | D:15     | Killed Nessos
 26355 | D:15     | Noticed Azrael
 26372 | D:15     | Killed Azrael
 26722 | D:15     | Found a portal to a secret trove of treasure.
 26991 | Swamp:1  | Entered Level 1 of the Swamp
 27975 | Swamp:2  | Noticed a thorn hunter
 27994 | Swamp:2  | Killed a thorn hunter
 28395 | Swamp:3  | HP: 5/159 [spriggan rider/spear (9)]
 28398 | Swamp:3  | Mangled by a large slime creature

Skill      XL: |  1  2  3  4  5  6  7  8  9 10 11 12 13 14 15 16 |
---------------+-------------------------------------------------+-----
Armour         | 4 5 6 7 9 10 12 13 14 | 14.3
Maces & Flails | 3 4 5 7 8 10 12 13 14 15 16 17 | 17.3
Fighting       | 4 5 6 8 9 11 13 15 16 18 | 18.9
Dodging        | 1 2 |  2.1
Shields        | 4 5 6 7 8 10 12 13 15 17 18 | 18.0
Throwing       | 1 2 |  2.8
Stealth        | 1 |  1.8
Invocations    | 1 2 |  2.1

Action                   |  1- 3 |  4- 6 |  7- 9 | 10-12 | 13-15 | 16-18 || total
-------------------------+-------+-------+-------+-------+-------+-------++-------
Melee: Flail             |    84 |   114 |   327 |   179 |       |       ||   704
       Headbutt          |    14 |    19 |    57 |   198 |   498 |   131 ||   917
       Mace              |       |       |       |   458 |  1329 |   372 ||  2159
Throw: Tomahawk          |       |       |     9 |     3 |       |       ||    12
       Javelin           |       |       |       |    13 |     8 |     2 ||    23
Invok: Heroism           |       |       |     2 |     1 |     8 |     2 ||    13
       Finesse           |       |       |       |       |     2 |       ||     2
  Use: Scroll            |       |     4 |     4 |    12 |    12 |     1 ||    33
       Potion            |       |       |     4 |     7 |       |     2 ||    13
 Stab: Invisible         |       |       |       |     1 |       |       ||     1
  Eat: Chunk             |     1 |     4 |    19 |    16 |     3 |       ||    43
       Beef jerky        |       |       |     2 |     2 |     2 |     1 ||     7
       Fruit             |       |       |       |     6 |    17 |     2 ||    25
       Meat ration       |       |       |       |       |     4 |     1 ||     5
       Pizza             |       |       |       |       |     1 |     1 ||     2
Armor: Scale mail        |    29 |       |       |       |       |       ||    29
       Chain mail        |       |    32 |    71 |       |       |       ||   103
       Plate armour      |       |       |    28 |   181 |   356 |   111 ||   676
Dodge: Dodged            |    50 |    50 |   114 |   130 |   258 |    76 ||   678
Block: Shield            |    37 |    53 |   141 |   357 |  1008 |   380 ||  1976
       Reflection        |       |       |       |     8 |    49 |    11 ||    68
